 Dungeon Crawl Stone Soup version 0.16.2-12-gd0ad4c3 (webtiles) character file.

424 Kloppie the Chopper (level 6, 0/60 HPs)
             Began as a Hill Orc Berserker on Oct 30, 2015.
             Was an Elder of Trog.
             Slain by an ogre
             ... wielding a +0 giant club
              (18 damage)
             ... on level 4 of the Dungeon.
             The game lasted 00:06:51 (3760 turns).

Kloppie the Chopper (Hill Orc Berserker)            Turns: 3760, Time: 00:06:51

Health: 0/60       AC: 11    Str: 20    XL:     6   Next: 96%
Magic:  6/6        EV:  8    Int:  7    God:    Trog [****..]
Gold:   247        SH:  0    Dex: 12    Spells: 0 memorised, 5 levels left

rFire  . . .     SeeInvis .     a - +0 war axe
rCold  . . .     Clarity  .     f - +0 chain mail
rNeg   . . .     SustAb   .     (no shield)
rPois  .         Gourm    .     (no helmet)
rElec  .         Spirit   .     h - +2 cloak
rCorr  .         Warding  .     (no gloves)
rMut   .         Stasis   .     (no boots)
MR     .....                    (no amulet)
Stlth  ..........               (no ring)
                                (no ring)

@: drained, not resistant to hostile enchantments, extremely unstealthy
A: no striking features
a: Burn Spellbooks, Berserk, Trog's Hand, Brothers in Arms, Renounce Religion


You were on level 4 of the Dungeon.
You worshipped Trog.
Trog was greatly pleased with you.
You were not hungry.

You visited 1 branch of the dungeon, and saw 4 of its levels.

You collected 247 gold pieces.

Inventory:

Hand weapons
 a - a +0 war axe (weapon)
Missiles
 v - 2 steel javelins (quivered)
Armour
 f - a +0 chain mail (worn)
 h - a +2 cloak (worn)
Jewellery
 o - an uncursed amulet of clarity {unknown}
Magical devices
 x - a wand of cold (13)
Scrolls
 b - 2 scrolls of fog {unknown}
 d - 2 scrolls of teleportation {unknown}
 e - a scroll of noise {unknown}
 g - 5 scrolls of identify {unknown}
 k - 2 scrolls of enchant armour {unknown}
 l - a scroll of random uselessness {unknown}
 n - 2 scrolls of remove curse {unknown}
 t - a scroll of magic mapping {unknown}
Potions
 i - a potion of brilliance {unknown}
 j - a potion of restore abilities {unknown}
 m - a potion of might {unknown}
 p - a potion of resistance {unknown}
 s - a potion of flight {unknown}
 u - a potion of berserk rage {unknown}
 w - a potion of heal wounds {unknown}
 z - a potion of poison {unknown}
Comestibles
 c - a meat ration
 q - a bread ration
 r - 2 fruits
 A - a chunk of flesh


   Skills:
 + Level 7.0(6.8) Fighting
 + Level 7.5(7.3) Axes
 - Level 2.1(2.0) Armour
 - Level 1.5(1.4) Dodging


You had 5 spell levels left.
You didn't know any spells.

Dungeon Overview and Level Annotations

Branches:
Dungeon (4/15)             Temple (0/1) D:4

Altars:
Ashenzari
Qazlal
Ru


Message History

You see here a jackal corpse.
You offer a prayer to Trog.
The jackal corpse is slowly consumed by flames.
Trog is greatly pleased with you.
An ogre comes into view. It is wielding a giant club.
You slash the ogre!
The ogre is heavily wounded.
The ogre hits you with a giant club!
You hit the ogre but do no damage.
The ogre is heavily wounded.
The ogre hits you with a giant club!!
* * * LOW HITPOINT WARNING * * *
You are too injured to fight recklessly!
You are too injured to fight recklessly!
You slash the ogre!
The ogre is almost dead.
You barely miss the ogre.
The ogre is almost dead.
The ogre hits you with a giant club!!
You die...

##.# #
.#####...# ..
..........## #
..!.......# .
.........#
..####.......#
........O....#
#.....@....##
#
###.........##
# ##.........#
#..
##..###.....#
.. #. ###...#
#....
..###.....##
...#
......##(.#
..# ...## ##)#
..# #.##
#(#...#


You could see an ogre.

Vanquished Creatures
  An ogre (D:4)
  A scorpion (D:4)
  Crazy Yiuf (D:3)
  Natasha (thrice) (D:3)
  A worker ant (D:4)
  4 gnolls (D:4)
  8 adders
  A shadow imp (D:3)
  A worm (D:2)
  4 orcs
  7 bats
  5 giant cockroaches
  8 goblins
  10 hobgoblins
  4 jackals
  12 kobolds
  3 quokkas (D:3)
  4 giant geckos
  3 giant newts
  17 rats
98 creatures vanquished.

Notes
Turn   | Place    | Note
--------------------------------------------------------------
     0 | D:1      | Kloppie, the Hill Orc Berserker, began the quest for the Orb.
     0 | D:1      | Reached XP level 1. HP: 19/19 MP: 1/1
   119 | D:1      | Reached XP level 2. HP: 18/27 MP: 2/2
   474 | D:1      | Acquired Trog's second power
   637 | D:1      | Reached XP level 3. HP: 34/34 MP: 3/3
  1341 | D:2      | Reached skill level 5 in Fighting
  1341 | D:2      | Reached skill level 5 in Axes
  1443 | D:2      | Reached XP level 4. HP: 40/42 MP: 4/4
  2190 | D:3      | Noticed Natasha
  2207 | D:3      | Killed Natasha
  2207 | D:3      | Reached XP level 5. HP: 48/48 MP: 5/5
  2345 | D:3      | Found a shattered altar of Ashenzari.
  2364 | D:3      | Reached skill level 6 in Axes
  2659 | D:3      | Noticed Crazy Yiuf
  2665 | D:3      | Killed Crazy Yiuf
  2842 | D:3      | Noticed Natasha
  2856 | D:3      | Killed Natasha
  2856 | D:3      | Acquired Trog's third power
  3116 | D:3      | Noticed Natasha
  3123 | D:3      | Killed Natasha
  3177 | D:4      | Reached XP level 6. HP: 35/57 MP: 6/6
  3302 | D:4      | Found a sacrificial altar of Ru.
  3359 | D:4      | Noticed an ogre
  3370 | D:4      | Killed an ogre
  3370 | D:4      | Reached skill level 7 in Axes
  3381 | D:4      | Received a gift from Trog
  3443 | D:4      | Found a staircase to the Ecumenical Temple.
  3475 | D:4      | Found a stormy altar of Qazlal.
  3752 | D:4      | Noticed an ogre
  3760 | D:4      | Slain by an ogre

Action                   |  1- 3 |  4- 6 || total
-------------------------+-------+-------++-------
Melee: Hand axe          |   151 |   104 ||   255
       War axe           |       |   118 ||   118
Invok: Berserk           |       |     2 ||     2
       Trog's Hand       |       |     1 ||     1
  Eat: Chunk             |     2 |     8 ||    10
       Beef jerky        |       |     1 ||     1
